 Dungeon Crawl Stone Soup version 0.28.0 (webtiles) character file.

Game seed: 7943388856902585598

1241 Buxparty the Skirmisher (level 8, -10/52 HPs)
             Began as a Gargoyle Gladiator on Mar 4, 2022.
             Mangled by an orc warrior (14 damage)
             ... on level 6 of the Dungeon.
             The game lasted 00:10:10 (6443 turns).

Buxparty the Skirmisher (Gargoyle Gladiator)        Turns: 6443, Time: 00:10:10

Health: -10/52     AC: 11    Str: 20    XL:     8   Next: 49%
Magic:  8/8        EV: 11    Int:  9    God:
Gold:   257        SH:  7    Dex: 11    Spells: 7/7 levels left

rFire   . . .      SeeInvis .   a - +0 trident
rCold   . . .      Faith    .   q - +0 kite shield
rNeg    + . .      Spirit   .   b - +0 leather armour
rPois   ∞          Reflect  .   l - +0 helmet
rElec   +          Harm     .   y - scarf {repulsion}
rCorr   .          Rampage  .   (no gloves)
Will    .....                   s - +0 pair of boots
Stlth   +.........              (no amulet)
HPRegen 0.17/turn               (no ring)
MPRegen 0.11/turn               (no ring)

@: repel missiles
A: sickness immunity, AC +5, negative energy resistance 1, electricity
resistance, torment resistance 1, petrification resistance
a: no special abilities


You were on level 6 of the Dungeon.
You visited 1 branch of the dungeon, and saw 6 of its levels.

You collected 257 gold pieces.

Inventory:

Hand Weapons
 a - a +0 trident (weapon)
Missiles
 d - 3 throwing nets (quivered)
Armour
 b - a +0 leather armour (worn)
 c - a +0 helmet
 l - a +0 helmet (worn)
 q - a +0 kite shield (worn)
 s - a +0 pair of boots (worn)
 y - a scarf of repulsion (worn)
Jewellery
 m - an amulet of magic regeneration
 v - a ring of protection from fire
 w - an amulet of regeneration
Wands
 f - a wand of flame (15)
 g - a wand of acid (6)
Scrolls
 h - a scroll of holy word {unknown}
 k - a scroll of magic mapping {unknown}
 o - a scroll of vulnerability {unknown}
 p - 2 scrolls of teleportation {unknown}
 r - 2 scrolls of fog {unknown}
 t - 2 scrolls of identify {unknown}
 u - 3 scrolls of amnesia {unknown}
 x - a scroll of silence {unknown}
 B - a scroll of blinking {unknown}
Potions
 e - 4 potions of curing
 j - 2 potions of lignification
 n - a potion of mutation {unknown}
 z - 2 potions of heal wounds {unknown}
 A - a potion of haste {unknown}
 C - a potion of ambrosia {unknown}


   Skills:
 + Level 6.3 Fighting
 + Level 6.1 Polearms
 - Level 1.7 Throwing
 + Level 2.1 Armour
 - Level 4.7 Dodging
 + Level 1.7 Shields
 + Level 0.3 Evocations


You had 7 spell levels left.
You didn't know any spells.
Your spell library contained the following spells:

 Spells                   Type           Power      Damage    Failure   Level
 Freeze                   Ice            0%         1d3       85%         1
 Corpse Rot               Necr/Air       0%         N/A       94%         2
 Frozen Ramparts          Ice            0%         1d2       99%         3
 Dispel Undead            Necr           0%         3d6       100%        4
 Hailstorm                Conj/Ice       0%         3d3       100%        4
 Death Channel            Necr           0%         N/A       100%        6


Dungeon Overview and Level Annotations

Branches:
Dungeon (6/15)
 Temple: D:4-7

Altars:


Innate Abilities, Weirdness & Mutations

You are immune to sickness and miasma.
Your stone body is resilient. (AC +5)
You are immune to poison.
You resist negative energy. (rN+)
You are resistant to electric shocks. (rElec)
You are resistant to unholy torment.
You are immune to petrification.


Message History

You reach to attack!
You puncture the electric eel!
The electric eel is heavily wounded.
You reach to attack!
You hit the electric eel.
The electric eel is heavily wounded.
You reach to attack!
You miss the electric eel.
The electric eel is heavily wounded.
You reach to attack!
You barely miss the electric eel.
The electric eel is heavily wounded.
You reach to attack!
You miss the electric eel.
The electric eel is heavily wounded.
You reach to attack!
You closely miss the electric eel.
The electric eel is heavily wounded.
The electric eel shoots out a bolt of lightning at you!
The bolt of electricity hits you. You resist.
You reach to attack!
You puncture the electric eel!
You kill the electric eel!
You hear a splash.
No target in view!
You open the door.
An orc warrior and 3 orcs come into view.
The orc warrior shouts!
The orc shouts! x2
Found 11 gold pieces.
You puncture the orc!
You kill the orc!
The orc warrior hits you from afar with a +0 glaive!
You closely miss the orc. The orc hits you but does no damage.
You block the orc warrior's attack. You block the orc warrior's attack.
You block the orc warrior's attack.
The orc warrior hits you but does no damage.
The orc warrior hits you with a +0 glaive!
You hit the orc warrior but do no damage.
The orc warrior hits you with a +0 glaive!
The orc warrior barely misses you.
You hit the orc warrior but do no damage.
The orc warrior hits you with a +0 glaive!!
* * * LOW HITPOINT WARNING * * *
You closely miss the orc warrior.
The orc warrior hits you with a +0 glaive!
You die...

### ≈≈# #≈# ###
##≈# #...#≈≈######
#$..).ooo@..#######
#...#≈≈####.......#
### ##≈# #.......#
#≈# #.......# ≈≈#
#.####### .##
#.############# #.
#.............# #.
#############.# #.#


You could see an orc warrior and 2 orcs.

Vanquished Creatures
  A water moccasin (D:5)
  An ice beast (D:5)
  A necrophage (D:4)
  An ogre (D:4)
  A water moccasin zombie (D:5)
  4 scorpions
  2 water moccasin skeletons
  An electric eel (D:6)
  A howler monkey (D:5)
  A bullfrog zombie (D:5)
  A jelly (D:5)
  A bullfrog skeleton (D:5)
  A hound (D:4)
  Crazy Yiuf (D:5)
  An iguana (D:4)
  An orc wizard (D:3)
  A hound zombie (D:5)
  A gnoll (D:1)
  7 adders
  A white imp (D:5)
  3 worms
  5 dart slugs
  12 orcs
  9 ball pythons
  8 endoplasms
  6 giant cockroaches
  6 goblins
  8 hobgoblins
  9 jackals
  7 kobolds
  4 quokkas
  6 bats
  3 frilled lizards
  3 rats
119 creatures vanquished.

Notes
Turn   | Place    | Note
-------+----------+-------------------------------------------
     0 | D:1      | Buxparty the Gargoyle Gladiator began the quest for the
                  | Orb.
     0 | D:1      | Reached XP level 1. HP: 12/12 MP: 1/1
   311 | D:1      | Reached XP level 2. HP: 18/18 MP: 2/2
   383 | D:1      | Reached XP level 3. HP: 9/22 MP: 3/3
  1001 | D:1      | Found a faded altar of an unknown god.
  1565 | D:2      | Reached XP level 4. HP: 25/27 MP: 4/4
  2787 | D:3      | Reached XP level 5. HP: 17/32 MP: 5/5
  3429 | D:4      | Noticed a necrophage
  3573 | D:4      | Reached XP level 6. HP: 10/38 MP: 6/6
  4421 | D:4      | Killed a necrophage
  4422 | D:4      | Reached skill level 5 in Polearms
  4422 | D:4      | Reached XP level 7. HP: 36/44 MP: 7/7
  4543 | D:5      | Entered Level 5 of the Dungeon
  4560 | D:5      | Reached skill level 5 in Fighting
  5341 | D:5      | Reached XP level 8. HP: 20/51 MP: 8/8
  5783 | D:5      | Reached skill level 1 in Armour
  5783 | D:5      | Reached skill level 1 in Shields
  6100 | D:5      | Found a runed translucent door.
  6101 | D:5      | Noticed Crazy Yiuf
  6106 | D:5      | Killed Crazy Yiuf
  6111 | D:5      | Identified the +3 mace of Certain Death {vamp, rPois}
  6443 | D:6      | Mangled by an orc warrior

Illustrated notes

Levels and vault maps discovered:
D:1:      evilmike_arrival_plus, layout_basic,
          hellmonk_ecumenical_altar_inner_sanctum, nrook_mini_vaults
D:2:      layout_basic, kennysheep_generic_room_9
D:3:      minmay_razor_zed, layout_rooms
D:4:      layout_basic
D:5:      layout_loops_ring, uniq_crazy_yiuf_cottage
D:6:      layout_basic, lightli_minifort, uniq_grinder

Skill      XL: |  1  2  3  4  5  6  7  8 |
---------------+-------------------------+-----
Polearms       | 3 4 5 6 |  6.1
Fighting       | 3 4 5 6 |  6.3
Dodging        | 3 4 |  4.7
Armour         | 2 |  2.1
Shields        | 1 |  1.7
Throwing       | |  1.7
Evocations     | |  0.3

Action                   |  1- 3 |  4- 6 |  7- 9 || total
-------------------------+-------+-------+-------++-------
Melee: Trident           |   128 |   248 |   181 ||   557
       Punch             |     1 |       |       ||     1
Throw: Throwing net      |       |     1 |       ||     1
  Use: Potion            |       |     2 |     3 ||     5
 Stab: Sleeping          |     1 |     1 |       ||     2
Armor: Leather armour    |    49 |   100 |    70 ||   219
       Skin              |       |     5 |       ||     5
Dodge: Dodged            |    64 |    88 |    82 ||   234
       Repelled          |       |       |     1 ||     1
Block: Kite shield       |     7 |    71 |    57 ||   135
